 Dungeon Crawl Stone Soup version 0.30-a0-632-g346586fe48 (webtiles) character file.

Game seed: 2158929183613456160

5697 Leeroy the Fencer (level 10, -13/70 HPs)
             Began as a Merfolk Monk on Jan 13, 2023.
             Was an Elder of Nemelex Xobeh.
             Shot with a bolt by a tengu warrior (26 damage)
             ... on level 8 of the Dungeon.
             The game lasted 00:11:45 (5861 turns).

Leeroy the Fencer (Merfolk Monk)                    Turns: 5861, Time: 00:11:45

Health: -13/70     AC:  6    Str: 12    XL:     10   Next: 76%
Magic:  11/11      EV: 14    Int:  9    God:    Nemelex Xobeh [****..]
Gold:   410        SH:  0    Dex: 21    Spells: 6/9 levels left

rFire   . . .      SeeInvis .    E - +0 great sword
rCold   . . .      Faith    .    (shield currently unavailable)
rNeg    . . .      Spirit   .    h - +1 leather armour {rPois}
rPois   +          Reflect  .    (no helmet)
rElec   .          Harm     .    v - +0 cloak
rCorr   .          Rampage  .    (no gloves)
Will    .....                    C - +0 pair of boots
Stlth   ++                       g - amulet of regeneration
HPRegen 1.11/turn                (no ring)
MPRegen 0.12/turn                (no ring)

@: about to teleport
A: (nimble swimmer 2), mertail
a: Renounce Religion, Draw Escape, Draw Destruction, Draw Summoning, Triple
Draw, Deal Four


You were on level 8 of the Dungeon.
You worshipped Nemelex Xobeh.
Nemelex Xobeh was greatly pleased with you.
You visited 2 branches of the dungeon, and saw 9 of its levels.

You collected 410 gold pieces.

Inventory:

Hand Weapons
 a - a +0 falchion
 p - a +0 long sword
 E - a +0 great sword (weapon)
 K - a +0 rapier
Missiles
 J - 11 poisoned darts (quivered)
Armour
 b - a +0 robe
 h - a +1 leather armour of poison resistance (worn)
 v - a +0 cloak (worn)
 C - a +0 pair of boots (worn)
 G - +0 steam dragon scales
Jewellery
 g - an amulet of regeneration (around neck)
 L - a ring of willpower
Wands
 z - a wand of roots (8)
 A - a wand of light (5)
Scrolls
 c - 4 scrolls of immolation {unknown}
 d - a scroll of silence {unknown}
 e - 10 scrolls of identify {unknown}
 i - a scroll of blinking {unknown}
 j - 3 scrolls of amnesia {unknown}
 l - 5 scrolls of teleportation
 o - 2 scrolls of fear {unknown}
 u - a scroll of poison {unknown}
 y - a scroll of vulnerability {unknown}
 B - a scroll of fog {unknown}
 D - 3 scrolls of enchant weapon {unknown}
 F - a scroll of summoning {unknown}
Potions
 f - 2 potions of might {unknown}
 k - 8 potions of curing
 m - a potion of haste {unknown}
 n - 7 potions of flight {unknown}
 q - a potion of magic {unknown}
 r - 2 potions of degeneration {unknown}
 s - 2 potions of mutation {unknown}
 t - a potion of invisibility {unknown}
 w - 2 potions of berserk rage {unknown}
 x - a potion of brilliance {unknown}
 H - 2 potions of cancellation {unknown}
 I - a potion of lignification {unknown}


   Skills:
 - Level 3.2 Fighting
 + Level 18.2 Long Blades
 - Level 4.0 Dodging
 - Level 2.1 Stealth
 - Level 2.5 Invocations


You had 6 spell levels left.
You knew the following spells:

 Your Spells              Type           Power      Damage    Failure   Level
a - Dazzling Flash        Conj/Hex       0%         N/A       83%         3

Your spell library contained the following spells:

 Spells                   Type           Power      Damage    Failure   Level
 Slow                     Hex            0%         N/A       45%         1
 Summon Small Mammal      Summ           0%         N/A       45%         1
 Call Canine Familiar     Summ           0%         N/A       83%         3
 Confusing Touch          Hex            0%         N/A       83%         3
 Summon Guardian Golem    Hex/Summ       0%         N/A       83%         3
 Vampiric Draining        Necr           0%         2d6       83%         3
 Agony                    Necr           0%         N/A       100%        5
 Silence                  Hex/Air        0%         N/A       100%        5
 Summon Forest            Summ/Tloc      0%         N/A       100%        5
 Summon Mana Viper        Hex/Summ       0%         N/A       100%        5
 Summon Cactus Giant      Summ           0%         N/A       100%        6


Dungeon Overview and Level Annotations

Branches:
Dungeon (8/15)             Temple (1/1) D:5
   Lair: D:8-11

Altars:
Ashenzari
Cheibriados
Dithmenos
Elyvilon
Fedhas
Gozag
Hepliaklqana
Makhleb
Nemelex Xobeh
Okawaru
Ru
Trog
Wu Jian
Xom
Yredelemnul
Zin
The Shining One

Shops:
D:8 *


Innate Abilities, Weirdness & Mutations

((You are very nimble when in or above water. (Stealth+, EV+, Speed+++)))
Your lower body shifts to a powerful aquatic tail in water.


Message History

Aim: a tengu warrior, wielding a +0 arbalest, wearing a +0 leather armour and wearing the amulet of Ytiphid {Reflect Will+++ Dex-2 SH+5 SInv Stlth-} (heavily wounded, ally target, reflecting blocked projectiles)
Okay, then.
Really abort (and waste the card)? [Y]es or [N]o only, please.
Really abort (and waste the card)? [Y]es or [N]o only, please.
Really abort (and waste the card)?
Aiming: the Orb
Press: ? - help, Shift-Dir - straight line, f - orc, p - tengu warrior
Aim: an orc, wielding a +0 club and carrying a wand of roots (5)
Your orb of destruction hits a rock wall.
Your orb of destruction hits a stone wall.
Your orb of destruction hits a rock wall.
Your centaur warrior unwields a +0 shortbow.
Your centaur warrior hits the tengu warrior but does no damage.
Your centaur warrior closely misses the tengu warrior.
The wavering orb of destruction hits the orc!!!
You blow up the orc!
The tengu warrior shoots a bolt.
The bolt hits Leeroy's illusion!!
Leeroy's illusion hits the tengu warrior but does no damage.
Your centaur warrior barely misses the tengu warrior.
The tengu warrior blocks your centaur warrior's attack.
The tengu warrior shoots a bolt.
The bolt barely misses Leeroy's illusion.
The bolt hits you.
* * * LOW HITPOINT WARNING * * *
The tengu warrior blocks your centaur warrior's attack.
Your centaur warrior completely misses the tengu warrior.
Leeroy's illusion closely misses the tengu warrior.
Okay, then.
Okay, then.
As you read the scroll labelled KIZXET AKOHUNUIS, it crumbles to dust.
You feel strangely unstable.
It was a scroll of teleportation.
The tengu warrior blocks your centaur warrior's attack.
Your centaur warrior kicks the tengu warrior.
The tengu warrior shoots a bolt.
The bolt closely misses Leeroy's illusion.
The bolt hits you!!
You die...
Your body glows with a rainbow of weird colours and disappears.

.######
########'##....#
#<....#........#
#.....#........#
#.........)....#####
#.Qc.)..............
#.#@○###############
###@#...# ####.#.#
#..†### .. #.... ...
#....# ## #.....
#####.# .. ..# #u#


You could see a tengu warrior (ally target, reflecting), a friendly centaur
warrior (summoned) and the friendly Leeroy's illusion (summoned).

Vanquished Creatures
  A two-headed ogre (D:8)
  Pikel (D:7)
  A cyclops (D:8)
  A troll (D:8)
  Prince Ribbit (D:6)
  Grinder (D:3)
  A slime creature (D:8)
  2 yaks (D:8)
  A shadow (D:8)
  2 wyverns (D:8)
  A steam dragon (D:6)
  A naga (D:8)
  3 ice beasts
  3 orc warriors
  A sky beast (D:7)
  A boggart (D:8)
  3 black bears
  A centaur (D:8)
  2 lemures (D:7)
  A phantom (D:6)
  A kobold brigand (D:8)
  A bullfrog (D:8)
  5 necrophages
  2 scorpions (D:5)
  2 hounds (D:6)
  5 orc priests
  4 iguanas
  4 orc wizards
  Natasha (thrice) (D:3)
  A gnoll (D:4)
  A river rat (D:8)
  6 adders
  A shadow imp (D:7)
  An ufetubus (D:5)
  A worm (D:3)
  2 dart slugs (D:2)
  25 orcs
  5 endoplasms
  3 giant cockroaches
  10 goblins
  8 hobgoblins
  4 jackals
  9 kobolds
  5 quokkas
  10 ball pythons
  6 bats
  4 frilled lizards
  2 rats
160 creatures vanquished.

Vanquished Creatures (collateral kills)
  A water moccasin (D:8)
  Terence (D:3)
  An orc wizard (D:8)
3 creatures vanquished.

Vanquished Creatures (others)
  A shadow imp (D:6)
1 creature vanquished.

Grand Total: 164 creatures vanquished

Notes
Turn   | Place    | Note
-------+----------+-------------------------------------------
     0 | D:1      | Leeroy the Merfolk Monk began the quest for the Orb.
     0 | D:1      | Reached XP level 1. HP: 18/18 MP: 1/1
   220 | D:1      | Reached skill level 4 in Long Blades
   327 | D:1      | Reached XP level 2. HP: 22/24 MP: 2/2
  1027 | D:2      | Reached skill level 5 in Long Blades
  1027 | D:2      | Reached XP level 3. HP: 28/29 MP: 3/3
  1393 | D:2      | Found a faded altar of an unknown god.
  1473 | D:2      | Prayed at the altar of an unknown god.
  1473 | D:2      | Became a worshipper of Nemelex Xobeh the Trickster
  1473 | D:2      | Reached * piety under Nemelex Xobeh
  1473 | D:2      | Received a gift from Nemelex Xobeh
  1473 | D:2      | Reached ** piety under Nemelex Xobeh
  1523 | D:3      | Reached XP level 4. HP: 35/35 MP: 4/4
  1535 | D:3      | Noticed Terence
  1546 | D:3      | Identified the -2 quarterstaff "Wacsargh" {elec, SInv}
  1551 | D:3      | Killed Terence
  1552 | D:3      | Reached skill level 6 in Long Blades
  1566 | D:3      | Reached XP level 5. HP: 41/41 MP: 5/5
  1630 | D:3      | Reached skill level 7 in Long Blades
  1635 | D:3      | Noticed Grinder
  1648 | D:3      | Killed Grinder
  1649 | D:3      | Reached skill level 8 in Long Blades
  1649 | D:3      | Reached XP level 6. HP: 31/47 MP: 6/6
  1735 | D:3      | Noticed Natasha
  1744 | D:3      | Killed Natasha
  1774 | D:3      | Reached skill level 9 in Long Blades
  1800 | D:3      | Found a blossoming altar of Fedhas.
  1826 | D:3      | Noticed Natasha
  1833 | D:3      | Killed Natasha
  1997 | D:3      | Reached *** piety under Nemelex Xobeh
  2032 | D:3      | Reached XP level 7. HP: 52/52 MP: 7/7
  2052 | D:3      | Received a gift from Nemelex Xobeh
  2192 | D:3      | Noticed Natasha
  2202 | D:3      | Killed Natasha
  2232 | D:3      | Learned a level 3 spell: Dazzling Flash
  2664 | D:4      | Reached skill level 10 in Long Blades
  2716 | D:4      | You fall into a shaft and drop 1 floor!
  2716 | D:5      | Entered Level 5 of the Dungeon
  2920 | D:5      | Found a staircase to the Ecumenical Temple.
  2934 | Temple   | Entered the Ecumenical Temple
  3248 | D:4      | Identified the +2 hand axe of Kindness {pain, rC+ Dex+6}
  3370 | D:4      | Found a snail-covered altar of Cheibriados.
  3428 | D:4      | Found a bloodstained altar of Trog.
  3438 | D:4      | Reached skill level 11 in Long Blades
  3438 | D:4      | Reached XP level 8. HP: 54/58 MP: 8/8
  3610 | D:5      | Found an ornate altar of the Wu Jian Council.
  3972 | D:6      | Reached **** piety under Nemelex Xobeh
  4029 | D:6      | Reached skill level 12 in Long Blades
  4330 | D:6      | Received a gift from Nemelex Xobeh
  4481 | D:6      | Noticed Prince Ribbit
  4500 | D:6      | Reached skill level 13 in Long Blades
  4501 | D:6      | Killed Prince Ribbit
  4502 | D:6      | Reached XP level 9. HP: 50/64 MP: 9/9
  4657 | D:6      | Found an opulent altar of Gozag.
  4661 | D:6      | Reached skill level 14 in Long Blades
  4681 | D:6      | Found a glowing golden altar of the Shining One.
  4932 | D:7      | Received a gift from Nemelex Xobeh
  5019 | D:7      | Noticed Pikel
  5035 | D:7      | Killed Pikel
  5036 | D:7      | Reached skill level 15 in Long Blades
  5036 | D:7      | Reached skill level 1 in Invocations
  5382 | D:7      | HP: 1/64 [something/puff of flame (11)]
  5397 | D:8      | Found Hehoh's General Store.
  5546 | D:8      | Reached skill level 16 in Long Blades
  5546 | D:8      | Reached XP level 10. HP: 57/70 MP: 11/11
  5640 | D:8      | Noticed a two-headed ogre
  5649 | D:8      | Killed a two-headed ogre
  5650 | D:8      | Reached skill level 17 in Long Blades
  5657 | D:8      | Noticed a cyclops
  5676 | D:8      | Killed a cyclops
  5679 | D:8      | Reached skill level 18 in Long Blades
  5684 | D:8      | Noticed a white ugly thing
  5810 | D:8      | Identified the amulet of Ytiphid {Reflect Will+++ Dex-2
                  | SH+5 SInv Stlth-}
  5810 | D:8      | Noticed a tengu warrior
  5861 | D:8      | Shot with a bolt by a tengu warrior

Illustrated notes

Levels and vault maps discovered:
D:1:      dpeg_arrival_ternary, layout_basic
D:2:      layout_rooms, nicolae_ecumenical_snake_handling
D:3:      layout_basic, fedhas_altar_1, serial_aquarium,
          aquarium_bridge_island_small [aquarium_subvault_small_water,
          aquarium_subvault_window, aquarium_subvault_balcony,
          aquarium_subvault_bridge, aquarium_subvault_bridge],
          aquarium_window_1, aquarium_window_2, aquarium_window_3,
          aquarium_window_fake, aquarium_view_2b, kennysheep_doodads,
          dk_vineyard_1, uniq_terence, uniq_natasha, uniq_grinder
D:4:      layout_rooms, kennysheep_mini, trog_ov_bears_minmay, minmay_vboxes
D:5:      layout_loops_ring, marbit_many_paths,
          minmay_temple_entry_statues_fountains
D:6:      layout_basic, mainiacjoe_overflow_big_doors, uniq_prince_ribbit1
D:7:      layout_basic, minmay_fractal_squares_diagonal_5, uniq_pikel
D:8:      minmay_the_grid_triangle_9x9_recursive_2
          [minmay_the_grid_triangle_9x9_prize_special,
          minmay_the_grid_triangle_9x9_alien,
          minmay_the_grid_triangle_9x9_wacky_v,
          minmay_the_grid_triangle_9x9_steps], layout_gridville, vehumet_statue,
          serial_shops, nicolae_shop_hallway_stairs, grunt_ministairs_6,
          serial_bayou_crossing
Temple:   grunt_temple_mini_profane

Skill      XL: |  1  2  3  4  5  6  7  8  9 10 |
---------------+-------------------------------+-----
Long Blades    | 4 5 6 8 9 11 13 16 18 | 18.2
Invocations    | 2 |  2.5
Fighting       | |  3.2
Dodging        | |  4.0
Stealth        | |  2.1

Action                   |  1- 3 |  4- 6 |  7- 9 | 10-12 || total
-------------------------+-------+-------+-------+-------++-------
Melee: Falchion          |    84 |       |       |       ||    84
       Long sword        |    14 |    80 |   351 |       ||   445
       Punch             |       |     1 |     2 |       ||     3
       Great sword       |       |       |     5 |    67 ||    72
Throw: Dart              |       |       |       |     1 ||     1
Invok: Draw Destruction  |       |     3 |     4 |     3 ||    10
       Draw Summoning    |       |     1 |       |     3 ||     4
       Draw Escape       |       |       |     1 |     3 ||     4
Evoke: Wand              |       |       |       |     2 ||     2
  Use: Potion            |       |     1 |     2 |       ||     3
       Scroll            |       |       |       |     1 ||     1
 Stab: Sleeping          |     4 |     1 |     4 |       ||     9
       Distracted        |       |       |     3 |       ||     3
       Petrified         |       |       |       |     3 ||     3
Armor: Robe              |     7 |       |       |       ||     7
       Leather armour    |    11 |    16 |    84 |    15 ||   126
Dodge: Dodged            |    72 |    45 |   200 |    32 ||   349

Table legend: (Time is in decaauts)
 A = Elapsed time spent in this place.
 B = Non-inter-level travel time spent in this place.
 C = Inter-level travel time spent in this place.
 D = Time resting spent in this place.
 E = Time spent auto-exploring this place.
 F = Levels seen in this place.
 G = Mean time per level.
                   A        B        C        D        E       F      G
               +--------+--------+--------+--------+--------+-----+--------+
         Total |   5781 |   5589 |    192 |     87 |   4271 |   9 |  642.3 |
       Dungeon |   5556 |   5413 |    143 |     87 |   4100 |   8 |  694.5 |
        Temple |    225 |    176 |     49 |      0 |    171 |   1 |  225.0 |
               +--------+--------+--------+--------+--------+-----+--------+

Top non-repeatable levels by time:
     D:1: 1021 daAuts
     D:3: 1020 daAuts
     D:6: 926 daAuts
     D:5: 665 daAuts
     D:4: 505 daAuts
     D:7: 492 daAuts
     D:2: 480 daAuts
     D:8: 444 daAuts
  Temple: 225 daAuts
